 Dungeon Crawl Stone Soup version 0.31.0-11-ge490571c62 (webtiles) character file.

Game seed: 16896117795091850320

925 monsoonserge the Vexing (level 8, -2/54 HPs)
             Began as a Gnoll Hexslinger on Feb 9, 2024.
             Was a Follower of Hepliaklqana.
             Slain by an orc wizard
             ... wielding a +0 quarterstaff
              (7 damage)
             ... on level 5 of the Dungeon.
             The game lasted 00:09:26 (4513 turns).

monsoonserge the Vexing (Gnoll Hexslinger)          Turns: 4513, Time: 00:09:26

Health: -2/54      AC:  2    Str:  8    XL:     8   Next: 10%
Magic:  14/14      EV: 15    Int: 13    God:    Hepliaklqana [*.....]
Gold:   241        SH:  0    Dex: 19    Spells: 10/15 levels left

rFire   + . .        q - +10 sling of the Transmuting Bear {heavy, rC+ Dex+3}
rCold   + + .        (no shield)
rNeg    . . .        c - +0 robe
rPois   +            (no helmet)
rElec   +            (no cloak)
rCorr   +            (no gloves)
SInv    .            (no boots)
Will    .....        (no amulet)
Stlth   +            l - ring of flight
HPRegen 0.29/turn    (no ring)
MPRegen 0.14/turn

%: no passive effects
@: confused, mighty, resistant, weak-willed, enlightened, flying
A: reduced essence, fangs 1, strong nose, distributed training
a: Renounce Religion, Recall Ancestor, Ancestor Identity


You were on level 5 of the Dungeon.
You worshipped Hepliaklqana.
Hepliaklqana was aware of your devotion.
You visited 2 branches of the dungeon, and saw 6 of its levels.

You collected 241 gold pieces.

Inventory:

Hand Weapons
 q - the +10 sling of the Transmuting Bear (weapon) {heavy, rC+ Dex+3}
   (You found it on level 2 of the Dungeon)

   Dex+3:     It affects your dexterity (+3).
   rC+:       It protects you from cold.
Missiles
 e - 9 poisoned darts
 r - 3 javelins
Armour
 c - a +0 robe (worn)
 o - a +0 leather armour
 A - a +0 ring mail of cold resistance
Jewellery
 l - a ring of flight (left hand)
Talismans
 p - a serpent talisman
Wands
 v - a wand of paralysis (3)
 y - a wand of polymorph (14)
Scrolls
 a - a scroll of fog {unknown}
 b - 2 scrolls of poison
 d - 3 scrolls of fear {unknown}
 f - a scroll of immolation {unknown}
 g - 2 scrolls of identify {unknown}
 h - a scroll of butterflies {unknown}
 j - a scroll of vulnerability {unknown}
 n - a scroll of noise {unknown}
 s - a scroll of acquirement {unknown}
 w - a scroll of amnesia {unknown}
 x - a scroll of teleportation {unknown}
 B - 3 scrolls of enchant weapon {unknown}
 D - a scroll of enchant armour {unknown}
 E - a scroll of blinking {unknown}
Potions
 i - 2 potions of magic
 k - 2 potions of heal wounds
 u - a potion of might
 z - a potion of haste {unknown}
 C - a potion of curing {unknown}


   Skills:
 + Level 4.0 Fighting
 + Level 3.1 Short Blades
 + Level 3.1 Long Blades
 + Level 3.1 Axes
 + Level 3.1 Maces & Flails
 + Level 3.1 Polearms
 + Level 3.1 Staves
 + Level 5.5 Ranged Weapons
 + Level 3.1 Throwing
 + Level 3.1 Armour
 + Level 5.5 Dodging
 + Level 3.1 Stealth
 + Level 3.1 Shields
 + Level 3.1 Unarmed Combat
 + Level 4.2 Spellcasting
 + Level 2.5 Conjurations
 + Level 6.0 Hexes
 + Level 2.5 Summonings
 + Level 2.5 Necromancy
 + Level 2.5 Translocations
 + Level 3.3 Fire Magic
 + Level 2.5 Ice Magic
 + Level 2.5 Air Magic
 + Level 2.5 Earth Magic
 + Level 2.5 Alchemy
 + Level 3.4 Invocations
 + Level 3.1 Evocations
 + Level 2.8 Shapeshifting


You had 10 spell levels left.
You knew the following spells:

 Your Spells              Type           Power      Damage    Failure   Level
a - Jinxbite              Hex            36%        N/A       2%          2
b - Inner Flame           Hex/Fire       15%        N/A       9%          3

Your spell library contained the following spells:

 Spells                   Type           Power      Damage    Failure   Level
 Sigil of Binding         Hex            18%        N/A       4%          3
 Cause Fear               Hex            9%         N/A       17%         4
 Dimensional Bullseye     Hex/Tloc       6%         N/A       34%         4


Dungeon Overview and Level Annotations

Branches:
Dungeon (5/15)             Temple (1/1) D:4

Altars:
Ashenzari
Cheibriados
Fedhas
Hepliaklqana
Kikubaaqudgha
Makhleb
Nemelex Xobeh
Okawaru
Sif Muna
Uskayaw
Vehumet
Wu Jian
Xom
Yredelemnul


Innate Abilities, Weirdness & Mutations

Your life essence is reduced to manifest your ancestor. (-10% HP)
You have very sharp teeth.
Your uncanny sense of smell can sniff out nearby items.
Your experience applies equally to all skills.


Message History

You shoot a sling bullet. Something hits you.
* * * LOW HITPOINT WARNING * * *
Something hits you but does no damage.
Bojana hits something but does no damage.
Something completely misses you. Something hits you.
* * * LOW HITPOINT WARNING * * *
It was a potion of magic.
Magic courses through your body.
Bojana seems less confused.
Bojana barely misses something.
Something hits you but does no damage. Something completely misses you.
Okay, then.
It was a potion of heal wounds.
You feel much better.
Bojana misses something.
Something hits you! Something hits you but does no damage.
It was a potion of might.
You feel very mighty all of a sudden.
Bojana misses something.
Something hits you. Something hits you!
You barely miss something.
Bojana hits something.
You hear some strange, mumbled words.
You are more confused.
Something barely misses you.
You clumsily bash something.
Bojana barely misses something.
Something hits you.
* * * LOW HITPOINT WARNING * * *
Something closely misses you.
Bojana closely misses something.
Something hits you.
* * * LOW HITPOINT WARNING * * *
Something hits you.
* * * LOW HITPOINT WARNING * * *
It was a potion of enlightenment.
You feel more buoyant.
Bojana hits something.
Something hits you.
* * * LOW HITPOINT WARNING * * *
Something barely misses you.
It was a potion of resistance.
You feel protected.
Bojana hits something!
Reactivating autopickup.
You feel a bit more experienced. Something hits you!
You die...

#..#.# ##
##.##... .
.
##..#####..
# .. ##..##
.# ...
#..## .
.?.. ###.##
....)∆#...#
......#{###
#.R)@#
##.#.#
###.# #.#
### ####
#...


You could see the friendly Bojana the ancestor.

Vanquished Creatures
  A centaur (D:4)
  3 scorpions (D:4)
  4 bombardier beetles
  A hound (D:5)
  A gnoll bouda (D:3)
  Jessica (D:3)
  Terence (D:3)
  3 iguanas
  An orc wizard (D:3)
  Natasha (thrice) (D:3)
  3 gnolls
  9 adders
  A ribbon worm (D:5)
  7 dart slugs
  15 orcs
  5 ball pythons
  6 endoplasms
  6 giant cockroaches
  16 goblins
  9 hobgoblins
  9 jackals
  3 quokkas
  2 bats
  A frilled lizard (D:3)
  8 kobolds
  2 rats
121 creatures vanquished.

Vanquished Creatures (collateral kills)
  An orc wizard (D:5)
  An orc (D:5)
2 creatures vanquished.

Grand Total: 123 creatures vanquished

Notes
Turn   | Place    | Note
-------+----------+-------------------------------------------
     0 | D:1      | monsoonserge the Gnoll Hexslinger began the quest for the
                  | Orb.
     0 | D:1      | Reached XP level 1. HP: 17/17 MP: 4/4
   129 | D:1      | Found a faded altar of an unknown god.
   195 | D:1      | Reached XP level 2. HP: 2/23 MP: 5/5
   198 | D:1      | Learned a level 2 spell: Jinxbite
   648 | D:1      | Reached XP level 3. HP: 28/28 MP: 7/7
  1237 | D:2      | Reached skill level 1 in Invocations
  1247 | D:2      | Reached skill level 1 in Short Blades
  1247 | D:2      | Reached skill level 1 in Long Blades
  1247 | D:2      | Reached skill level 1 in Axes
  1247 | D:2      | Reached skill level 1 in Maces & Flails
  1247 | D:2      | Reached skill level 1 in Polearms
  1247 | D:2      | Reached skill level 1 in Staves
  1247 | D:2      | Reached skill level 1 in Throwing
  1247 | D:2      | Reached skill level 1 in Armour
  1247 | D:2      | Reached skill level 1 in Stealth
  1247 | D:2      | Reached skill level 1 in Shields
  1247 | D:2      | Reached skill level 1 in Unarmed Combat
  1247 | D:2      | Reached skill level 1 in Evocations
  1404 | D:2      | Reached skill level 1 in Shapeshifting
  1404 | D:2      | Reached XP level 4. HP: 34/34 MP: 8/8
  1445 | D:2      | Reached skill level 1 in Conjurations
  1445 | D:2      | Reached skill level 1 in Summonings
  1445 | D:2      | Reached skill level 1 in Necromancy
  1445 | D:2      | Reached skill level 1 in Translocations
  1445 | D:2      | Reached skill level 1 in Ice Magic
  1445 | D:2      | Reached skill level 1 in Air Magic
  1445 | D:2      | Reached skill level 1 in Earth Magic
  1445 | D:2      | Reached skill level 1 in Alchemy
  1562 | D:2      | Reached XP level 5. HP: 39/40 MP: 9/9
  1722 | D:2      | Identified the +10 sling of the Transmuting Bear {heavy,
                  | rC+ Dex+3}
  2013 | D:3      | Noticed Jessica
  2014 | D:3      | Killed Jessica
  2078 | D:3      | Paralysed by an orc for 5 turns
  2145 | D:3      | Found a basalt altar of Yredelemnul.
  2146 | D:3      | Noticed Terence
  2148 | D:3      | Killed Terence
  2149 | D:3      | Reached XP level 6. HP: 47/47 MP: 9/11
  2290 | D:3      | Reached skill level 5 in Ranged Weapons
  2290 | D:3      | Reached skill level 5 in Dodging
  2542 | D:3      | Noticed Natasha
  2543 | D:3      | Killed Natasha
  2551 | D:3      | Found a hazy altar of Hepliaklqana.
  2725 | D:3      | Noticed Natasha
  2726 | D:3      | Killed Natasha
  2933 | D:4      | Reached XP level 7. HP: 52/52 MP: 12/12
  2941 | D:4      | Learned a level 3 spell: Inner Flame
  3089 | D:4      | Found a staircase to the Ecumenical Temple.
  3099 | Temple   | Entered the Ecumenical Temple
  3156 | D:3      | Noticed Natasha
  3172 | D:3      | Killed Natasha
  3191 | D:3      | Became a worshipper of Hepliaklqana the Forgotten
  3810 | D:4      | Reached skill level 6 in Hexes
  3916 | D:4      | Reached * piety under Hepliaklqana
  4338 | D:5      | Entered Level 5 of the Dungeon
  4378 | D:5      | Reached XP level 8. HP: 54/54 MP: 14/14
  4513 | D:5      | Slain by an orc wizard

Illustrated notes

Levels and vault maps discovered:
D:1:      evilmike_arrival_hilbert_curve, layout_basic,
          chequers_ecumenical_altar_island, chequers_hall_statues_wall_a,
          minmay_misc_feat_roman
D:2:      cheibrodos_greedy_goblins, layout_basic
D:3:      layout_loops_ring, worldfamousw_hep_ancestral_shrine,
          mainiacjoe_overflow_paths, nicolae_elevator_lobby_plus, uniq_natasha,
          uniq_terence, uniq_jessica
D:4:      layout_layer_cave, minmay_temple_entry_statues_fountains
D:5:      layout_basic, kennysheep_mini, kennysheep_cross_room
Temple:   nicolae_temple_bog_church

Skill      XL: |  1  2  3  4  5  6  7 |
---------------+----------------------+-----
Fire Magic     | 2 3 |  3.3
Invocations    | 1 2 3 |  3.4
Short Blades   | 1 2 3 |  3.1
Long Blades    | 1 2 3 |  3.1
Axes           | 1 2 3 |  3.1
Maces & Flails | 1 2 3 |  3.1
Polearms       | 1 2 3 |  3.1
Staves         | 1 2 3 |  3.1
Throwing       | 1 2 3 |  3.1
Armour         | 1 2 3 |  3.1
Stealth        | 1 2 3 |  3.1
Shields        | 1 2 3 |  3.1
Unarmed Combat | 1 2 3 |  3.1
Evocations     | 1 2 3 |  3.1
Spellcasting   | 3 4 |  4.2
Shapeshifting  | 1 2 |  2.8
Conjurations   | 1 2 |  2.5
Summonings     | 1 2 |  2.5
Necromancy     | 1 2 |  2.5
Translocations | 1 2 |  2.5
Ice Magic      | 1 2 |  2.5
Air Magic      | 1 2 |  2.5
Earth Magic    | 1 2 |  2.5
Alchemy        | 1 2 |  2.5
Fighting       | 3 4 |  4.0
Ranged Weapons | 5 |  5.5
Dodging        | 5 |  5.5
Hexes          | 6 |  6.0

Action                     |  1- 3 |  4- 6 |  7- 9 || total
---------------------------+-------+-------+-------++-------
  Melee: Unarmed           |       |       |    11 ||    11
         Sling             |       |       |     2 ||     2
   Fire: Sling             |    90 |    97 |    57 ||   244
   Cast: Jinxbite          |     2 |       |     2 ||     4
  Evoke: Wand              |       |       |     2 ||     2
    Use: Potion            |       |       |     5 ||     5
   Stab: Paralysed         |       |       |     6 ||     6
 Armour: Robe              |    27 |    13 |    25 ||    65
         Skin              |       |       |     9 ||     9
  Dodge: Dodged            |    33 |    19 |    20 ||    72
